 Dungeon Crawl Stone Soup version 0.27.0-1-g7a089689b8 (webtiles) character file.

Game seed: 17845471565189173759

33 ZombieSheep the Skirmisher (level 3, -1/33 HPs)
             Began as a Minotaur Monk on Aug 4, 2021.
             Slain by a gnoll (12 damage)
             ... on level 2 of the Dungeon.
             The game lasted 00:01:35 (997 turns).

ZombieSheep the Skirmisher (Minotaur Monk)           Turns: 997, Time: 00:01:35

Health: -1/33      AC:  2    Str: 16    XL:     3   Next: 12%
Magic:  2/2        EV: 13    Int:  7    God:
Gold:   40         SH:  0    Dex: 12    Spells: 2/2 levels left

rFire    . . .     SeeInvis .   a - +0 falchion
rCold    . . .     Faith    .   (no shield)
rNeg     . . .     Spirit   .   b - +0 robe
rPois    .         Reflect  .   (helmet restricted)
rElec    .         Harm     .   (no cloak)
rCorr    .         Rampage  .   (no gloves)
Will     .....                  (no boots)
Stlth    ++........             (no amulet)
HPRegen  0.11/turn              (no ring)
MPRegen  0.08/turn              (no ring)

@: no status effects
A: horns 2, retaliatory headbutt
a: no special abilities


You were on level 2 of the Dungeon.
You visited 1 branch of the dungeon, and saw 2 of its levels.

You collected 40 gold pieces.

Inventory:

Hand Weapons
 a - a +0 falchion (weapon)
Armour
 b - a +0 robe (worn)
Scrolls
 d - a scroll of holy word
Potions
 c - a potion of might {unknown}
 e - a potion of curing {unknown}
 f - a potion of cancellation {unknown}


   Skills:
 * Level 4.3 Fighting
 + Level 4.0 Long Blades
 + Level 1.3 Armour
 + Level 3.6 Dodging
 - Level 1.5 Stealth


You had 2 spell levels left.
You didn't know any spells.
Your spell library contained the following spells:

 Spells                   Type           Power      Damage    Failure   Level
 Animate Skeleton         Necr           0%         N/A       43%         1
 Apportation              Tloc           0%         N/A       43%         1
 Corona                   Hex            0%         N/A       43%         1
 Summon Small Mammal      Summ           0%         N/A       43%         1
 Ensorcelled Hibernation  Hex/Ice        0%         N/A       56%         2
 Spider Form              Tmut/Pois      0%         N/A       80%         3
 Shadow Creatures         Summ           N/A        N/A       100%        6


Dungeon Overview and Level Annotations

Branches:
Dungeon (2/15)

Altars:

Shops:
D:1 *


Innate Abilities, Weirdness & Mutations

You have a pair of horns on your head.
You reflexively headbutt those who attack you in melee.


Message History

The jackal barely misses you.
You riposte.
You slash the jackal!
You kill the jackal!
You hit the jackal.
You kill the jackal!
No target in view!
No target in view!
No target in view!
You see here a jackal corpse.
f - a red potion A goblin comes into view.
It is wielding a +0 dagger.
The goblin barely misses you. You furiously retaliate!
You headbutt the goblin!
You kill the goblin!
No target in view!
No target in view!
No target in view!
You pick up a book of Dreams and begin reading...
You add the spells Ensorcelled Hibernation, Spider Form and Shadow Creatures to your library.
You now have 40 gold pieces (gained 7).
You open the door.
There is an open door here.
As you open the door, it creaks loudly!
You hear a shout! x2
There is an open door here. 2 gnolls come into view.
The gnoll shouts!
There is an open door here.
There is a stone staircase leading down here.
The gnoll closely misses you.
There is a stone staircase leading down here.
The gnoll hits you with a +0 halberd!
You hit the gnoll.
The gnoll is lightly wounded.
The gnoll closely misses you. The gnoll hits you with a +0 halberd!
You hit the gnoll but do no damage.
The gnoll is lightly wounded.
The gnoll closely misses you.
You riposte.
You barely miss the gnoll.
The gnoll is lightly wounded.
You slash the gnoll! Your headbutt misses the gnoll.
The gnoll is heavily wounded.
The gnoll hits you with a +0 halberd!
You die...

.....#.....#...#.#
##.#.....#.....#.#
#........#.....#.#
#.<#.#.#†#.....#.#
#.[#.#.#†#.....#.#
..#####..#.#.#.#.....#.#
.........#.#.#.#.....#.#
########.#.#g#.#.....#.#
...........@#.#..)..#.#
#######.#..>#.#.....#.#
#.#...#.#.....#.#
#.#...#.#..####.#
#.#...# #..####.#
#.#...# #.......#
#.#...# ##.######
#.#(..# #.# #.#...# #.#


You could see a gnoll.

Vanquished Creatures
  A dart slug (D:1)
  4 endoplasms
  6 goblins
  7 jackals
  3 kobolds (D:1)
  A ball python (D:1)
  A bat (D:1)
  A frilled lizard (D:1)
  3 rats (D:1)
27 creatures vanquished.

Notes
Turn   | Place    | Note
-------+----------+-------------------------------------------
     0 | D:1      | ZombieSheep the Minotaur Monk began the quest for the Orb.
     0 | D:1      | Reached XP level 1. HP: 19/19 MP: 0/0
    67 | D:1      | Reached XP level 2. HP: 21/27 MP: 1/1
   229 | D:1      | Found Fepedo's Assorted Antiques.
   310 | D:1      | Reached skill level 1 in Armour
   884 | D:2      | Reached XP level 3. HP: 31/33 MP: 2/2
   997 | D:2      | Slain by a gnoll

Illustrated notes

Levels and vault maps discovered:
D:1:      lightli_arrival_statuegarden, layout_basic, serial_shops,
          nicolae_shop_stone
D:2:      layout_basic, minmay_unequal

Skill      XL: |  1  2 |
---------------+-------+-----
Fighting       | 4 |  4.3
Armour         | 1 |  1.3
Long Blades    | 4 |  4.0
Dodging        | |  3.6
Stealth        | |  1.5

Action                   || total
-------------------------++-------
Melee: Falchion          ||    39
       Headbutt          ||     6
  Use: Scroll            ||     1
 Stab: Sleeping          ||     3
Armor: Robe              ||     5
Dodge: Dodged            ||    31
       Rpst.: Falchion   ||     6
